 Dungeon Crawl Stone Soup version 0.29.1-15-g9cfb28693d (webtiles) character file.

Game seed: 11487906768717475317

3301 kingofthe the Ducker (level 10, -9/56 HPs)
             Began as an Octopode Conjurer on Mar 3, 2023.
             Was a Follower of Sif Muna.
             Mangled by a kobold brigand
             ... wielding a +0 war axe
              (12 damage)
             ... in a bailey.
             The game lasted 00:38:09 (11119 turns).

kingofthe the Ducker (Octopode Conjurer)           Turns: 11119, Time: 00:38:09

Health: -9/56      AC:  1    Str:  7    XL:     10   Next: 1%
Magic:  15/19      EV: 16    Int: 22    God:    Sif Muna [*.....]
Gold:   104        SH:  0    Dex: 13    Spells: 11/21 levels left

rFire   . . .      SeeInvis .   a - staff of air {!a}
rCold   . . .      Faith    .   (no shield)
rNeg    . . .      Spirit   .   (helmet restricted)
rPois   .          Reflect  .   (no amulet)
rElec   +          Harm     .   (no ring)
rCorr   .          Rampage  .   (no ring)
Will    .....                   (no ring)
Stlth   ++++......              (no ring)
HPRegen 0.18/turn               (no ring)
MPRegen 0.16/turn               (no ring)
                                (no ring)
                                (no ring)

@: slowed, studying Polearms, very slow
A: almost no armour, amphibious, 8 rings, camouflage 1, gelatinous body 1,
(nimble swimmer 1), tentacles
a: Renounce Religion, Channel Magic


You were in a bailey.
You worshipped Sif Muna.
Sif Muna was aware of your devotion.
You visited 2 branches of the dungeon, and saw 9 of its levels.
You also visited: Sewer and Bailey.

You collected 194 gold pieces.
You spent 90 gold pieces at shops.


Innate Abilities, Weirdness & Mutations

You cannot wear most types of armour.
You are amphibious.
You can wear up to eight rings at the same time.
Your skin changes colour to match your surroundings (Stealth+).
Your rubbery body absorbs attacks. (AC +1, EV +1)
((You are camouflaged when in or above water. (Stealth+)))
You have tentacles for arms and can constrict up to eight enemies at once.


   Skills:
 * Level 7.7 Dodging
 - Level 7.0 Stealth
 + Level 6.3 Spellcasting
 + Level 7.1 Conjurations
 + Level 4.5 Hexes
 * Level 0.4 Air Magic
 - Level 4.0 Poison Magic


You had 11 spell levels left.
You knew the following spells:

 Your Spells              Type           Power      Damage    Failure   Level
a - Magic Dart            Conj           100%       1d8       1%          1
b - Searing Ray           Conj           76%        2d7       1%          2
c - Mephitic Cloud        Conj/Pois/Air  35%        N/A       5%          3
d - Fulminant Prism       Conj/Hex       16%        3d11      9%          4

Your spell library contained the following spells:

 Spells                   Type           Power      Damage    Failure   Level
 Dazzling Flash           Conj/Hex       64%        N/A       2%          3
 Apportation              Tloc           12%        N/A       9%          1
 Necrotise                Necr           24%        1d5       9%          1
 Summon Small Mammal      Summ           24%        N/A       9%          1
 Ignite Poison            Fire/Tmut/Pois 12%        N/A       16%         3
 Iskenderun's Mystic Bla  Conj/Tloc      22%        2d6       21%         4
 Freezing Cloud           Conj/Ice/Air   13%        6-21      65%         5

Inventory:

Hand Weapons
 b - a +3 whip of flaming
 z - a +2 whip of pain
 C - a +0 vampiric whip
 D - the +12 hand axe "Hydiwkurr" {antimagic, rCorr}
   (You found it on level 8 of the Dungeon)

   It reduces the magical energy of the wielder, and disrupts the spells and
   magical abilities of those it strikes.
   Natural abilities and divine invocations are not affected.
   rCorr:     It protects you from acid and corrosion.
Missiles
 u - 2 boomerangs of dispersal {=f}
Magical Staves
 a - a staff of air (weapon) {!a}
Wands
 l - a wand of flame (3)
 x - a wand of roots (8)
Scrolls
 c - 5 scrolls of teleportation {@r2}
 d - 3 scrolls of enchant weapon
 f - 2 scrolls of poison
 g - a scroll of acquirement {unknown}
 i - 2 scrolls of identify {@r1}
 j - a scroll of noise
 k - a scroll of immolation
 n - 2 scrolls of fear
 q - a scroll of enchant armour {unknown}
 r - a scroll of fog {unknown}
 t - a scroll of summoning
 v - a scroll of blinking {unknown}
Potions
 e - a potion of lignification {unknown}
 h - 6 potions of curing {@q1}
 m - 3 potions of ambrosia
 o - 3 potions of might
 p - 2 potions of brilliance {unknown}
 s - 4 potions of heal wounds {@q2}
 w - 3 potions of flight
 y - a potion of magic
 A - a potion of berserk rage {unknown}
 B - a potion of mutation {unknown}

Dungeon Overview and Level Annotations

Branches:
Dungeon (8/15)             Temple (1/1) D:5            Lair (0/5) D:8
  Sewer (visited)          Bailey (1/1)

Altars:
Ashenzari
Cheibriados
Dithmenos
Hepliaklqana
Kikubaaqudgha
Makhleb
Nemelex Xobeh
Okawaru
Ru
Sif Muna
Trog
Vehumet
Wu Jian
Xom
Yredelemnul

Shops:
D:4 !   D:7 *

Annotations:
D:7 1 runed translucent door, Crazy Yiuf

......
▒.((▒
▒...▒
▒..)▒
▒...▒
#▒'''▒#
##.(∩.(##
#.....K.#
#...∩.@.#
##.....##
#######


You could see a kobold brigand.


Message History

The curare-tipped dart hits you.
You are more poisoned.
You have difficulty breathing.
You feel as though you will be slow longer.
You feel very sick.
You feel better. Magic courses through your body.
The kobold brigand hits you with a +0 war axe.
Casting: Searing Ray (safe; 1% risk of failure)
Confirm with . or Enter, or press ? or * to list all spells.
Aiming: Searing Ray (safe; 1% risk of failure)
Press: ? - help, Shift-Dir - straight line, f - kobold brigand
Aim: a kobold brigand, wielding a +0 war axe and quivering curare-tipped darts (76% to hit)
The searing ray hits the kobold brigand!
The kobold brigand is heavily wounded. (Press . to maintain the ray.)
The kobold brigand hits you with a +0 war axe!
* * * LOW HITPOINT WARNING * * *
The kobold brigand closely misses you.
The searing ray misses the kobold brigand.
The searing ray hits the kobold.
You kill the kobold!
Sif Muna accepts your kill. The kobold brigand barely misses you.
The searing ray hits the kobold brigand!
The kobold brigand is almost dead.
The kobold brigand hits you with a +0 war axe!
* * * LOW HITPOINT WARNING * * *
The kobold brigand hits you with a +0 war axe!
You die...

Skill      XL: |  1  2  3  4  5  6  7  8  9 |
---------------+----------------------------+-----
Spellcasting   | 3 4 5 6 |  6.3
Stealth        | 3 4 5 6 7 |  7.0
Dodging        | 3 4 6 7 |  7.7
Conjurations   | 5 6 7 |  7.1
Poison Magic   | 1 2 4 |  4.0
Hexes          | 4 |  4.5
Air Magic      | |  0.4

Action                   |  1- 3 |  4- 6 |  7- 9 | 10-12 || total
-------------------------+-------+-------+-------+-------++-------
Melee: Unarmed           |     8 |       |       |       ||     8
       Constrict         |     2 |     3 |     1 |       ||     6
       Tentacles         |     2 |     1 |     1 |       ||     4
       Whip              |       |    11 |     1 |       ||    12
 Cast: Magic Dart        |    41 |    40 |   162 |       ||   243
       Searing Ray       |     5 |    15 |    81 |     4 ||   105
       Mephitic Cloud    |       |       |     6 |     1 ||     7
       Fulminant Prism   |       |       |     5 |       ||     5
Evoke: Wand              |       |       |     4 |       ||     4
  Use: Scroll            |       |       |    11 |       ||    11
       Potion            |       |       |       |     2 ||     2
Armor: Skin              |       |     3 |     6 |       ||     9
Dodge: Dodged            |     3 |    11 |    67 |     2 ||    83

Levels and vault maps discovered:
D:1:      dpeg_arrival_windows_large_door, layout_rooms, minmay_nonomino_d4
D:2:      layout_loops_ring, uniq_sigmund, uniq_jessica
D:3:      layout_basic, mainiacjoe_overflow_six_doors_small,
          kiku_gazebo_garden_becter, cheibrodos_sewer_entry_bend
D:4:      layout_basic, mainiacjoe_overflow_24_doors, serial_shops,
          nicolae_shop_hallway_stairs, minmay_manual_monstrance
D:5:      layout_loops_ring, minmay_temple_entry_statues, serial_glass,
          glass_columns_a, glass_columns_a, glass_columns_a, glass_columns_b,
          glass_columns_b, feat_on_display, item_on_display_a,
          minmay_strange_pillars, feat_on_display
D:6:      layout_cave_pools, general_overflow_altar, grunt_ministairs_2
D:7:      layout_basic, serial_shops, nicolae_shop_advertising_works
          [nicolae_subvault_shop_adworks], kennysheep_dice, uniq_duvessa,
          uniq_crazy_yiuf_cottage, uniq_menkaure, uniq_pikel
D:8:      layout_loops_cross, mainiacjoe_overflow_two_lobes, bloody_makhleb,
          serial_shops, nicolae_shop_trees, enter_bailey_2, nrook_pool_corridor,
          minmay_misc_feat_tower
Temple:   nicolae_temple_ecumenical_triangle
Bailey:   bailey_axe_3, bailey

Notes
Turn   | Place    | Note
-------+----------+-------------------------------------------
     0 | D:1      | kingofthe the Octopode Conjurer began the quest for the
                  | Orb.
     0 | D:1      | Reached XP level 1. HP: 11/11 MP: 3/3
   147 | D:1      | Reached XP level 2. HP: 12/17 MP: 2/5
   263 | D:1      | Learned a level 2 spell: Searing Ray
   568 | D:1      | Reached skill level 3 in Spellcasting
   739 | D:1      | Reached XP level 3. HP: 21/21 MP: 5/7
  1024 | D:2      | Learned a level 3 spell: Mephitic Cloud
  1113 | D:2      | Reached skill level 3 in Stealth
  1171 | D:2      | Reached XP level 4. HP: 27/27 MP: 2/8
  1508 | D:2      | Noticed Sigmund
  1521 | D:2      | Noticed Jessica
  1526 | D:2      | Killed Sigmund
  1527 | D:2      | Reached skill level 3 in Dodging
  1527 | D:2      | Reached XP level 5. HP: 3/31 MP: 1/10
  1527 | D:2      | Reached XP level 6. HP: 4/36 MP: 1/11
  1793 | D:2      | Killed Jessica
  1794 | D:2      | Reached skill level 4 in Stealth
  1794 | D:2      | Reached skill level 4 in Spellcasting
  2325 | D:3      | Found an ancient bone altar of Kikubaaqudgha.
  2374 | D:3      | Reached skill level 5 in Conjurations
  2850 | D:3      | Found a glowing drain.
  2859 | Sewer    | Entered a sewer
  2965 | Sewer    | Noticed Pargi
  2974 | Sewer    | Killed Pargi
  2975 | Sewer    | Reached skill level 1 in Poison Magic
  2975 | Sewer    | Reached XP level 7. HP: 26/41 MP: 2/13
  3379 | D:3      | Reached skill level 4 in Dodging
  3533 | D:3      | Found a hazy altar of Hepliaklqana.
  3948 | D:4      | Found an iron altar of Okawaru.
  4302 | D:4      | Reached skill level 5 in Stealth
  4692 | D:4      | Reached skill level 2 in Poison Magic
  4803 | D:4      | Found Siucwif's Distillery.
  5032 | D:4      | Reached skill level 5 in Spellcasting
  5170 | D:3      | Reached XP level 8. HP: 18/46 MP: 10/15
  5778 | D:4      | Bought a potion of curing for 30 gold pieces
  6066 | D:5      | Entered Level 5 of the Dungeon
  6074 | D:5      | Reached skill level 5 in Dodging
  6173 | D:4      | Bought a potion of heal wounds for 50 gold pieces
  6173 | D:4      | Bought a potion of degeneration for 10 gold pieces
  6641 | D:5      | Reached skill level 3 in Poison Magic
  6923 | D:5      | Reached skill level 6 in Stealth
  7130 | D:5      | Found a staircase to the Ecumenical Temple.
  7150 | Temple   | Entered the Ecumenical Temple
  7201 | Temple   | Became a worshipper of Sif Muna the Loreminder
  7426 | D:5      | Identified the +7 ring mail "Pamul" {Str+3 SInv}
  7671 | D:6      | Reached skill level 6 in Conjurations
  7795 | D:6      | Learned a level 4 spell: Fulminant Prism
  7835 | D:6      | Identified the +0 ring mail of Kanitt {rElec}
  7847 | D:6      | Reached skill level 4 in Poison Magic
  7973 | D:6      | Reached skill level 6 in Dodging
  7973 | D:6      | Reached skill level 6 in Spellcasting
  7973 | D:6      | Reached XP level 9. HP: 47/51 MP: 6/18
  8131 | D:6      | Reached skill level 1 in Hexes
  8213 | D:6      | Found a sparkling altar of Nemelex Xobeh.
  8734 | D:6      | Reached skill level 2 in Hexes
  8961 | D:7      | Noticed Duvessa
  8961 | D:7      | Noticed Dowan
  8969 | D:7      | Killed Duvessa
  8970 | D:7      | Reached skill level 7 in Stealth
  8990 | D:7      | Killed Dowan
  9097 | D:7      | Noticed Pikel
  9638 | D:6      | Killed Pikel
  9639 | D:6      | Reached skill level 7 in Dodging
  9639 | D:6      | Reached skill level 3 in Hexes
  9781 | D:7      | Noticed Menkaure
  9795 | D:7      | Killed Menkaure
  9796 | D:7      | Reached skill level 4 in Hexes
  9966 | D:7      | Found a runed translucent door.
  9967 | D:7      | Noticed Crazy Yiuf
 10122 | D:7      | Reached skill level 7 in Conjurations
 10172 | D:7      | Found Xaff's General Store.
 10572 | D:8      | Noticed a two-headed ogre
 10841 | D:8      | Found a staircase to the Lair.
 11054 | D:8      | Found a burning altar of Makhleb.
 11063 | D:8      | Found a flagged portal.
 11071 | D:8      | Identified the +12 hand axe "Hydiwkurr" {antimagic, rCorr}
 11075 | Bailey   | Entered a bailey
 11093 | Bailey   | Reached * piety under Sif Muna
 11094 | Bailey   | Reached XP level 10. HP: 56/56 MP: 8/19
 11119 | Bailey   | HP: 3/56 [kobold brigand/+0 war axe (15)]
 11119 | Bailey   | Mangled by a kobold brigand

Vanquished Creatures
  Pikel (D:6)
  Sigmund (D:2)
  A wyvern (D:6)
  Menkaure (D:7)
  2 water moccasins (D:6)
  Duvessa (D:7)
  Pargi (Sewer)
  An ogre (D:5)
  3 lemures
  A phantom (D:6)
  3 kobold brigands
  2 bullfrogs (D:7)
  4 necrophages
  6 scorpions
  Dowan (D:7)
  A howler monkey (D:6)
  3 hounds
  An orc priest (D:7)
  3 jellies
  Jessica (D:2)
  6 iguanas
  6 orc wizards
  7 gnolls
  9 adders
  4 ufetubi
  3 worms
  5 dart slugs
  16 orcs
  9 ball pythons
  5 endoplasms
  4 giant cockroaches
  9 goblins
  2 hobgoblins
  9 jackals
  22 kobolds
  4 quokkas
  4 bats
  7 frilled lizards
  3 rats (D:1)
172 creatures vanquished.

Vanquished Creatures (others)
  5 fulminant prisms
  4 withered plants (D:3)
9 creatures vanquished.

Grand Total: 181 creatures vanquished

Table legend: (Time is in decaauts)
 A = Elapsed time spent in this place.
 B = Non-inter-level travel time spent in this place.
 C = Inter-level travel time spent in this place.
 D = Time resting spent in this place.
 E = Time spent auto-exploring this place.
 F = Levels seen in this place.
 G = Mean time per level.
                   A        B        C        D        E       F      G
               +--------+--------+--------+--------+--------+-----+--------+
         Total |  11141 |  10717 |    424 |   2813 |   6432 |  11 | 1012.8 |
       Dungeon |  10619 |  10203 |    416 |   2685 |   6172 |   8 | 1327.4 |
        Temple |     60 |     52 |      8 |      0 |     31 |   1 |   60.0 |
         Sewer |    412 |    412 |      0 |    117 |    229 |   1 |  412.0 |
        Bailey |     49 |     49 |      0 |     11 |      0 |   1 |   49.0 |
               +--------+--------+--------+--------+--------+-----+--------+

Top non-repeatable levels by time:
     D:4: 2139 daAuts
     D:6: 1753 daAuts
     D:3: 1614 daAuts
     D:5: 1397 daAuts
     D:1: 1224 daAuts
     D:7: 1149 daAuts
     D:2: 1096 daAuts
   Sewer: 412 daAuts
     D:8: 243 daAuts
  Temple: 60 daAuts
  Bailey: 49 daAuts

Table legend:
 A = Non-vault XP
 B = Vault XP
 C = Vault XP percentage of total XP
 D = Non-vault monster count
 E = Vault monster count
 F = Vault count percentage of total count
                 A         B        C        D         E       F
            +---------+---------+-------+---------+---------+-------
      Total |    2759 |    1958 |  41.5 |     128 |      41 |  24.3
            +---------+---------+-------+---------+---------+-------
        D:1 |      21 |      13 |  38.2 |      12 |       6 |  33.3
        D:2 |      88 |     268 |  75.3 |      18 |       2 |  10.0
        D:3 |     191 |       5 |   2.6 |      27 |       1 |   3.6
        D:4 |     498 |     119 |  19.3 |      27 |       5 |  15.6
        D:5 |     571 |       0 |   0.0 |      14 |       0 |   0.0
        D:6 |     995 |     818 |  45.1 |      14 |       6 |  30.0
        D:7 |     392 |     472 |  54.6 |      15 |       4 |  21.1
        D:8 |       3 |       0 |   0.0 |       1 |       0 |   0.0
      Sewer |       0 |     154 | 100.0 |       0 |       8 | 100.0
     Bailey |       0 |     109 | 100.0 |       0 |       9 | 100.0
            +---------+---------+-------+---------+---------+-------
